Arrhythmia, chaotic female vampiric Convict --- -------------- ---- ----- ----.|--............| |..| --- ---|...-- ---....|....--------%.-- ---- |..----.--- |..|..(.| ---.....--.---- ---%...|----- |..| |...--....| |...^..-| |.....--...| |./^..-|..|.--- |..| ------........| ---.....|---....---.--- --)....--.%....---.- ---- |.......^.....| --.<.--|...|..|...| --.--..............*| ---..|----.-----.......-- |.....|.---......| --..|---......|.------ |....--......| ----.....| |...(...|........| |...------.|.---- |........--..| |.....| ---(.....)......-- |.....| ----- ---- -----......|---- --....| |.....%-.....-- |.....-- |..-- |.......[.-- |.%..--------.---...|..|.| --.....---- ---...-- |..---....| --........@qo.| ---.---|.| |0..^....-----......-- ------..--- |%[..------.--- --...||.| --...................| |....| --..--- --....---....--.-- --.----...---......-- --..--- |...| |................| -----...|---.--|..>...- |...| --...| |................| |.|.....| |....|-......| |..-- |....| --..............-- |.......| |....||......| ---- --.--- --.|.--.|.--..-- ------.-- ---..|--.|.--- --- -------------- -- --- ----- Arrhythmia the Jail-bird Experience level: 8 Strength: 13 Dexterity: 12 Constitution: 18 Intelligence: 13 Wisdom: 8 Charisma: 8 Health: 0(70) Energy: 46(46) AC: 4 Gold: 946 Moves: 3770 Your Inventory: Coins $ - 946 gold pieces Armor b - a cursed +0 striped shirt (being worn) i - an [uncursed] +0 hard hat [dwarvish iron helm] (being worn) k - an [uncursed] +0 large round shield [dwarvish roundshield] (being worn) p - an [uncursed] +0 pair of hard shoes [iron] (being worn) H - an [uncursed +0] mummy wrapping Scrolls e - an [uncursed] scroll labeled READ ME [of charging] h - 2 [uncursed] scrolls of teleportation Wands g - an [uncursed] wand called Nohol [of make invisible (0:3)] A - an [uncursed] wand of speed monster [0:2] L - an [uncursed] wand of sleep [0:1] Tools s - an [uncursed] looking glass [mirror] Gems w - an [uncursed] stone called Flintluck [luckstone] I - an [uncursed] stone called Luckflint [flint] Iron balls c - an [uncursed] heavy iron ball (chained to you) (weapon in hand) Spells known in the end: Name Level Category Fail Memory a - knock 1 matter 100% [|||||||.] Your skills at the end: Fighting Skills Weapon Skills sling [Basic / Skilled] Spellcasting Skills Final Attributes: You were piously aligned. Hunger level was 213. Your alignment was 28 / 28. Monster difficulty range was 1 - 7. Level difficulty was 7. You were immune to poison. You were immune to level-drain. You were immune to sickness. You were punished. You could fly. You could survive without air. You regenerated. You were lucky (3). You had extra luck. Bad luck did not time out for you. Good luck did not time out for you. You are dead. Vanquished creatures: a large dog 2 giant beetles a gold golem a dog a gnome mummy a soldier ant a mountain nymph an Uruk-hai a rock piercer 3 enormous rats a rock mole a yellow light 6 gnome lords a gnomish wizard 2 giant ants 2 floating eyes 10 dwarves 3 hill orcs a giant bat 2 monkeys an acid blob a coyote 2 hobbits a giant rat a yellow mold a red mold 29 gnomes 4 garter snakes a gecko 4 jackals 4 foxes a kobold a sewer rat 4 grid bugs a bat 4 lichens a kobold zombie 2 newts 105 creatures vanquished. Voluntary challenges: You went without food. You never hit with a wielded weapon. You read items or engraved 11 times. You put on armor 6 times. You never genocided any monsters. You never polymorphed an object. You never changed form. You used no wishes. You abstained from Elbereth's help. You never encountered a bones level. You never used any Sokoban shortcuts. Dungeon overview: The Dungeons of Doom: levels 1 to 4 Level 1 some fountains a long staircase Level 2 a fountain Level 3 (Hidden shop) Level 4 a potion shop stairs to The Gnomish Mines The Gnomish Mines: levels 5 to 8 Level 5 stairs to The Dungeons of Doom Level 7 <- You were here History has recorded: On T:1 you entered the Dungeons of Doom to retrieve the Amulet of Yendor! On T:270 you reached level 2 of The Dungeons of Doom. On T:289 you reached level 3 of The Dungeons of Doom. On T:706 you advanced to experience level 2. On T:1348 you reached level 4 of The Dungeons of Doom. On T:1441 you advanced to experience level 3. On T:1532 you advanced to experience level 4. On T:1657 you advanced to experience level 5. On T:1690 you reached level 1 of The Gnomish Mines. On T:2015 you advanced to experience level 6. On T:2046 you reached level 2 of The Gnomish Mines. On T:2224 you advanced to experience level 7. On T:2293 you reached level 3 of The Gnomish Mines. On T:3215 you reached level 4 of The Gnomish Mines. On T:3457 you advanced to experience level 8. Latest messages: The hill orc hits! [HP-9=24] You miss the hill orc. You bite the hill orc. The hill orc swings her curved sword. The hill orc hits! [HP-6=18] You miss the hill orc. You bite the hill orc. [HP+1=19] You kill the hill orc! The hill orc picks up an iron skull cap. [HP+1=20] You kill the hill orc! [HP+1=21] You are already wielding that! You miss the mumak. You bite the mumak. You feed on the lifeblood. The mumak suddenly seems weaker! The mumak butts! You die... Final status: Goodbye Arrhythmia the Convict... You died in The Gnomish Mines on dungeon level 7 with 4996 points, and 946 pieces of gold, after 3770 moves. You were level 8 with a maximum of 70 hit points when you died.